 Dungeon Crawl Stone Soup version 0.31-a0-259-g771a54ca4b (webtiles) character file.

Game seed: 17009238780078689804

62 qw the Shooter (level 3, 0/29 HPs)
             Began as a Minotaur Hexslinger on July 13, 2023.
             Succumbed to an adder's poison
             ... on level 3 of the Dungeon.
             The game lasted 00:00:42 (1348 turns).

qw the Shooter (Minotaur Hexslinger)                Turns: 1348, Time: 00:00:43

Health: 0/29       AC:  5    Str: 12    XL:     3   Next: 85%
Magic:  3/3        EV: 11    Int: 10    God:
Gold:   1123       SH:  5    Dex: 14    Spells: 3/4 levels left

rFire   . . .        Y - +1 sling
rCold   . . .        (no shield)
rNeg    . . .        l - +0 ring mail
rPois   .            (helmet restricted)
rElec   .            (no cloak)
rCorr   .            (no gloves)
SInv    .            (no boots)
Will    .....        i - amulet of reflection
Stlth   +            (no ring)
HPRegen 0.24/turn    (no ring)
MPRegen 0.08/turn

%: reflection
@: lethally poisoned (0 -> -7)
A: horns 2, retaliatory headbutt
a: no special abilities


You were on level 3 of the Dungeon.
You visited 1 branch of the dungeon, and saw 3 of its levels.

You collected 1123 gold pieces.


Innate Abilities, Weirdness & Mutations

You have a pair of horns on your head.
You reflexively headbutt those who attack you in melee.


   Skills:
 - Level 2.0 Fighting
 + Level 4.2 Ranged Weapons
 - Level 1.0 Armour
 - Level 2.1 Dodging
 - Level 1.0 Spellcasting
 - Level 2.0 Hexes


You had 3 spell levels left.
You knew the following spells:

 Your Spells              Type           Power      Damage    Failure   Level
a - Slow                  Hex            16%        N/A       34%         1

Your spell library contained the following spells:

 Spells                   Type           Power      Damage    Failure   Level
 Inner Flame              Hex/Fire       2%         N/A       83%         3
 Portal Projectile        Hex/Tloc       4%         N/A       83%         3
 Cause Fear               Hex            2%         N/A       98%         4

Inventory:

Hand Weapons
 Y - a +1 sling (weapon)
Armour
 l - a +0 ring mail (worn)
Jewellery
 i - an amulet of reflection (around neck)
Scrolls
 a - 3 scrolls of enchant weapon {unknown}
Potions
 b - a potion of degeneration {unknown}
 d - a potion of might {unknown}
 e - a potion of curing
 f - a potion of enlightenment {unknown}

Dungeon Overview and Level Annotations

Branches:
Dungeon (3/15)

Altars:
Cheibriados
Ru


Message History

The adder bites you.
You are poisoned.
The adder poisons you!
You shoot a sling bullet. The sling bullet misses the adder.
You feel very sick. You block the adder's attack.
The adder bites you but does no damage.
You shoot a sling bullet. The sling bullet misses the adder.
You feel sick. The adder bites you but does no damage.
The adder closely misses you.
You shoot a sling bullet.
The sling bullet barely misses the adder.
You feel sick. The adder bites you.
You are more poisoned.
The adder poisons you!
You shoot a sling bullet.
The sling bullet closely misses the adder.
You feel very sick. The adder bites you.
You are more poisoned.
The adder poisons you! The adder barely misses you.
You shoot a sling bullet. The sling bullet hits the adder.
The adder is heavily wounded.
You feel very sick. The adder bites you but does no damage.
The adder closely misses you.
You shoot a sling bullet. The sling bullet misses the adder.
You feel sick. The adder closely misses you.
You shoot a sling bullet.
The sling bullet barely misses the adder.
You feel sick. The adder bites you but does no damage. The adder bites you.
You shoot a sling bullet. The sling bullet misses the adder.
You feel sick. The adder bites you but does no damage. The adder misses you.
You shoot a sling bullet.
The sling bullet hits the adder but does no damage.
The adder is heavily wounded.
You feel sick. The adder bites you.
You are more poisoned.
The adder poisons you!
You shoot a sling bullet.
The sling bullet barely misses the adder.
You die...

......%.#####.#
###.###.# #.# #.# #.##
##.###
#####.###..###..##.
#......##.......##. .
#.###........##.##. ...
#............##....
.....#..#.#..##......#..
......S@..#..#####.#....
.###.#.......# #.####.
##......# #.# ##
######## #.# #.# #.##
#..# ##.# #.#


You could see an adder.

Vanquished Creatures
  A gnoll (D:1)
  An orc (D:3)
  6 endoplasms
  2 giant cockroaches
  5 goblins
  4 hobgoblins (D:1)
  A quokka (D:1)
  6 ball pythons
  8 bats
  2 frilled lizards
  7 kobolds
  8 rats
51 creatures vanquished.

Notes
Turn   | Place    | Note
-------+----------+-------------------------------------------
     0 | D:1      | qw the Minotaur Hexslinger began the quest for the Orb.
     0 | D:1      | Reached XP level 1. HP: 16/16 MP: 1/1
     0 | D:1      | 0 ||| qw: Version: 0.3-a-52-g30416fa
     0 | D:1      | 0 ||| qw: Game counter: 6843
     0 | D:1      | 0 ||| qw: Melee chars always use a shield: true
     0 | D:1      | 0 ||| qw: God list: Okawaru
     0 | D:1      | 0 ||| qw: Allow faded altars: false
     0 | D:1      | 0 ||| qw: Do Orc after clearing Dungeon:15 true
     0 | D:1      | 0 ||| qw: Do second Lair branch before Depths: true
     0 | D:1      | 0 ||| qw: Lair rune preference: random
     0 | D:1      | 0 ||| qw: Goals: Normal
     0 | D:1      | 0 ||| PLANNING D:1-11
    67 | D:1      | Reached skill level 3 in Ranged Weapons
    67 | D:1      | Reached XP level 2. HP: 23/23 MP: 2/2
   357 | D:1      | Reached XP level 3. HP: 29/29 MP: 3/3
   541 | D:1      | 541 ||| UPGRADING to +0 leather armour.
   551 | D:1      | 551 ||| DROPPING +0 robe.
   552 | D:1      | 552 ||| UPGRADING to amulet of reflection.
   557 | D:1      | 557 ||| READING scroll labelled RIAMOCVUVVY.
   558 | D:1      | 558 ||| READING scroll labelled KOEHOPT WYMOR.
   559 | D:1      | 559 ||| READING scroll labelled KOXTALO LUXZEUL.
   560 | D:1      | 560 ||| DRINKING 2 pink potions.
   561 | D:1      | 561 ||| DRINKING 2 emerald potions.
   562 | D:1      | 562 ||| DROPPING scroll of poison.
   563 | D:1      | 563 ||| DROPPING potion of attraction.
   591 | D:2      | Reached skill level 4 in Ranged Weapons
   802 | D:2      | Found a snail-covered altar of Cheibriados.
  1099 | D:2      | 1099 ||| UPGRADING to +0 ring mail.
  1109 | D:2      | 1109 ||| DROPPING +0 leather armour.
  1110 | D:2      | 1110 ||| READING 5 scrolls labelled JAOXOAP SAOTU.
  1111 | D:2      | 1111 ||| READING scroll labelled NESUKE TIMP.
  1111 | D:2      | Identified a scroll of acquirement
  1111 | D:2      | 1111 ||| ACQUIRING 998 gold pieces
  1111 | D:2      | Acquired 998 gold pieces
  1113 | D:2      | 1113 ||| READING scroll labelled JEIDUIP FAUGH.
  1114 | D:2      | 1114 ||| READING scroll labelled DOCZEJACWU.
  1115 | D:2      | 1115 ||| DRINKING 2 ruby potions.
  1116 | D:2      | 1116 ||| DRINKING 2 amethyst potions.
  1117 | D:2      | 1117 ||| DROPPING potion of invisibility.
  1118 | D:2      | 1118 ||| DROPPING 4 scrolls of fear.
  1119 | D:2      | 1119 ||| DROPPING potion of brilliance.
  1175 | D:3      | Found a sacrificial altar of Ru.
  1281 | D:3      | Reached skill level 1 in Armour
  1345 | D:3      | HP: 5/29 [adder (3)]
  1347 | D:3      | HP: 2/29 [poisoned by an adder]
  1348 | D:3      | Succumbed to an adder's poison

Levels and vault maps discovered:
D:1:      lemuel_arrival_behind_the_door_small, layout_rooms,
          nicolae_grassy_gnolls
D:2:      layout_loops_ring, basic_altar, minmay_octomino_c4
D:3:      layout_loops_cross, mainiacjoe_overflow_paths,
          overflow_temple_1_default, biasface_ghost_orc_armoury

Skill      XL: |  1  2  3 |
---------------+----------+-----
Ranged Weapons | 3 4 |  4.2
Fighting       | 2 |  2.0
Armour         | 1 |  1.0
Dodging        | |  2.1
Spellcasting   | |  1.0
Hexes          | |  2.0

Action                     || total
---------------------------++-------
   Fire: Sling             ||   151
    Use: Scroll            ||     7
         Potion            ||     4
 Armour: Robe              ||     7
         Ring mail         ||     5
         Leather armour    ||     1
  Dodge: Dodged            ||    22
  Block: Other             ||     4

Table legend:
 A = Non-vault XP
 B = Vault XP
 C = Vault XP percentage of total XP
 D = Non-vault monster count
 E = Vault monster count
 F = Vault count percentage of total count
                 A         B        C        D         E       F
            +---------+---------+-------+---------+---------+-------
      Total |      65 |      24 |  27.0 |      43 |       8 |  15.7
            +---------+---------+-------+---------+---------+-------
        D:1 |      44 |      14 |  24.1 |      30 |       1 |   3.2
        D:2 |       9 |      10 |  52.6 |       6 |       7 |  53.8
        D:3 |      12 |       0 |   0.0 |       7 |       0 |   0.0
            +---------+---------+-------+---------+---------+-------
